 Dungeon Crawl Stone Soup version 0.27.1-33-g824d729ab1 (webtiles) character file.

Game seed: 11809439534816101999

145 safid the Chopper (level 5, -1/67 HPs)
             Began as a Hill Orc Fighter on Dec 9, 2021.
             Succumbed to a scorpion's poison
             ... on level 3 of the Dungeon.
             The game lasted 00:04:16 (2734 turns).

safid the Chopper (Hill Orc Fighter)                Turns: 2734, Time: 00:04:16

Health: -1/67      AC: 22    Str: 20    XL:     5   Next: 27%
Magic:  5/5        EV:  2    Int:  8    God:
Gold:   16         SH:  9    Dex: 10    Spells: 4/4 levels left

rFire    . . .     SeeInvis .   a - +0 war axe
rCold    . . .     Faith    .   c - +0 kite shield
rNeg     + + +     Spirit   .   (armour currently unavailable)
rPois    +         Reflect  .   (helmet currently unavailable)
rElec    .         Harm     .   (cloak currently unavailable)
rCorr    .         Rampage  .   (gloves currently unavailable)
Will     .....     NoTele   +   (boots currently unavailable)
Stlth    +.........             (no amulet)
HPRegen  0.21/turn              (no ring)
MPRegen  0.09/turn              (no ring)

@: mighty, lethally poisoned (-1 -> -6), tree-form
A: stationary, stasis, torment immunity, boosted hp
a: no special abilities


You were on level 3 of the Dungeon.
You were a tree.
You visited 1 branch of the dungeon, and saw 3 of its levels.

You collected 16 gold pieces.

Inventory:

Hand Weapons
 a - a +0 war axe (weapon)
Armour
 b - a +0 scale mail (melded)
 c - a +0 kite shield (worn)
 g - a scarf of resistance (melded)
Wands
 n - a wand of iceblast (4)
Scrolls
 e - 3 scrolls of teleportation {unknown}
 f - a scroll of fog {unknown}
 h - 2 scrolls of brand weapon {unknown}
 j - a scroll of fear {unknown}
 k - 3 scrolls of identify {unknown}
 m - a scroll of enchant weapon {unknown}
 o - a scroll of vulnerability {unknown}
 p - a scroll of noise {unknown}


   Skills:
 - Level 3.6 Fighting
 + Level 5.3 Axes
 - Level 3.2 Armour
 + Level 5.0 Shields


You had 4 spell levels left.
You didn't know any spells.
Your spell library contained the following spells:

 Spells                   Type           Power      Damage    Failure   Level
 Beastly Appendage        Tmut           0%         N/A       83%         1
 Freeze                   Ice            0%         1d3       83%         1
 Wereblood                Tmut           0%         N/A       93%         2
 Frozen Ramparts          Ice            0%         1d2       99%         3
 Spider Form              Tmut/Pois      0%         N/A       99%         3
 Hailstorm                Conj/Ice       0%         3d3       100%        4


Dungeon Overview and Level Annotations

Branches:
Dungeon (3/15)

Altars:
Cheibriados
Kikubaaqudgha
Zin

Shops:
D:3 *


Message History

You feel sick. The scorpion stings you.
* * * LOW HITPOINT WARNING * * *
Unknown command.
You feel better. You block the scorpion's attack. The scorpion stings you.
You closely miss the scorpion.
The scorpion is heavily wounded.
The scorpion stings you but does no damage.
Unknown command.
You barely miss the scorpion.
The scorpion is heavily wounded.
The scorpion stings you.
The scorpion stings you but does no damage.
Unknown command.
You feel very mighty all of a sudden.
The scorpion stings you but does no damage.
You hit the scorpion.
The scorpion is severely wounded.
You block the scorpion's attack. The scorpion stings you!
* * * LOW HITPOINT WARNING * * *
You are lethally poisoned!
The scorpion poisons you!
Unknown command.
You slash the scorpion!
You kill the scorpion!
* * * LOW HITPOINT WARNING * * *
You feel very sick.
Your Axes skill increases to level 5!
Your Shields skill increases to level 5!
You have reached level 5!
You feel stronger.
It was a potion of lignification.
You turn into a tree.
Your scarf of resistance melds into your body.
Your +0 scale mail melds into your body.
You feel hot and cold all over.
Your roots penetrate the ground.
* * * LOW HITPOINT WARNING * * *
You feel sick.
There is a lethal amount of poison in your body!
* * * LOW HITPOINT WARNING * * *
You feel sick.
You die...

#)#####.##.#. #.#
#.###.#.. .#.### # #
#.# #.##..... ###.. #.
#.##..... )#.####.# ##.
##.#.†PPP #.......#
###.. #...†PPP
.(<.....# .#.###
#....PP. #.#######
.∩..# #....PP. #.#
#.#.# #....PP. #.#
#♣#.# #....PP. #.#
#...# #....PP. #.#
###.# #...†... ... #.#
#....... #. #.#
#)..#..#
..######.#######..#....
.......>...........####
[..#####.#.........#
#.......#........##


There were no monsters in sight!

Vanquished Creatures
  A scorpion (D:3)
  2 adders
  3 worms
  A dart slug (D:3)
  3 orcs (D:3)
  4 endoplasms
  3 giant cockroaches
  4 goblins
  8 hobgoblins
  4 quokkas
  4 ball pythons
  2 bats
  A frilled lizard (D:3)
  7 kobolds
  2 rats (D:2)
49 creatures vanquished.

Notes
Turn   | Place    | Note
-------+----------+-------------------------------------------
     0 | D:1      | safid the Hill Orc Fighter began the quest for the Orb.
     0 | D:1      | Reached XP level 1. HP: 19/19 MP: 1/1
   282 | D:1      | Reached XP level 2. HP: 26/26 MP: 2/2
  1007 | D:2      | Found a glowing silver altar of Zin.
  1134 | D:2      | Reached XP level 3. HP: 31/31 MP: 3/3
  1296 | D:2      | Found a faded altar of an unknown god.
  2159 | D:3      | Reached XP level 4. HP: 39/39 MP: 4/4
  2472 | D:3      | Found an ancient bone altar of Kikubaaqudgha.
  2512 | D:3      | Found a snail-covered altar of Cheibriados.
  2709 | D:3      | Found Faeseth's Assorted Antiques.
  2709 | D:3      | Noticed a scorpion
  2731 | D:3      | Killed a scorpion
  2732 | D:3      | Reached skill level 5 in Axes
  2732 | D:3      | Reached skill level 5 in Shields
  2732 | D:3      | Reached XP level 5. HP: 2/45 MP: 5/5
  2732 | D:3      | HP: 1/67 [poisoned by a scorpion]
  2734 | D:3      | Succumbed to a scorpion's poison

Illustrated notes

Levels and vault maps discovered:
D:1:      wander_arrival_peaceful_grave, layout_basic,
          minmay_misc_feat_enclosed, st_stairs_6, lemuel_flame_loot_1
D:2:      layout_rooms, serial_co_window_serial, co_window_paths_a,
          co_window_paths_b, co_window_corner_a, co_window_corner_a,
          co_window_paths_b, co_window_2corner, co_window_corner_ca,
          co_window_of_opportunity_b, co_window_corner_b, co_window_paths_c,
          glass_columns_a, shapermc_ecumenical_altar_pompeii, basic_altar
D:3:      layout_loops_ring, mainiacjoe_overflow_small_starburst,
          mainiacjoe_overflow_chevrons, serial_shops, nicolae_shop_crystal

Skill      XL: |  1  2  3  4 |
---------------+-------------+-----
Axes           | 3 4 5 |  5.3
Shields        | 4 5 |  5.0
Fighting       | |  3.6
Armour         | |  3.2

Action                   |  1- 3 |  4- 6 || total
-------------------------+-------+-------++-------
Melee: War axe           |    91 |    57 ||   148
  Use: Potion            |       |     4 ||     4
Armor: Scale mail        |    36 |    36 ||    72
Dodge: Dodged            |    33 |    14 ||    47
Block: Kite shield       |    39 |    33 ||    72
